 Dungeon Crawl Stone Soup version 0.30-a0-137-gd8773701ce (webtiles) character file.

Game seed: 8517547261161842628

4039 Flugkiller the Martial Artist (level 10, -8/80 HPs)
             Began as a Formicid Hunter on Sept 21, 2022.
             Was a Follower of Uskayaw.
             Mangled by a death yak (18 damage)
             ... on level 8 of the Dungeon.
             The game lasted 00:09:15 (6235 turns).

Flugkiller the Martial Artist (Formicid Hunter)     Turns: 6235, Time: 00:09:16

Health: -8/80      AC: 13    Str: 16    XL:     10   Next: 48%
Magic:  16/16      EV: 12    Int: 15    God:    Uskayaw [*.....]
Gold:   466        SH:  5    Dex: 19    Spells: 10/17 levels left

rFire   . . .      SeeInvis +      - Unarmed
rCold   . . .      Faith    .    (no shield)
rNeg    . . .      Spirit   .    e - +0 troll leather armour {Pargi}
rPois   +          Reflect  +    (helmet unavailable)
rElec   .          Harm     .    r - +5 cloak of the Harp {Int+4}
rCorr   .          Rampage  .    l - +0 pair of gloves
Will    +....                    k - +1 pair of boots
Stlth   ++........               p - amulet of reflection
HPRegen 1.03/turn                o - ring of poison resistance
MPRegen 0.15/turn                (no ring)

@: grasped by roots, attractive, constricted, studying Necromancy
A: permanent stasis, dig shafts and tunnels, antennae 3, four strong arms
a: Dig, Shaft Self, Renounce Religion, Stomp


You were on level 8 of the Dungeon.
You worshipped Uskayaw.
Uskayaw was noncommittal.
You visited 2 branches of the dungeon, and saw 9 of its levels.

You collected 466 gold pieces.

Inventory:

Hand Weapons
 a - a +3 shortbow
   (You took it off a centaur on level 7 of the Dungeon)
 v - a +0 shortbow
Armour
 d - a +1 chain mail of poison resistance
   (You took it off an orc on level 6 of the Dungeon)
 e - a +0 troll leather armour (worn) {Pargi}
   (You found it on level 3 of the Dungeon)
 f - the +2 robe of the Butterfly {Int+4}
   (You found it on level 3 of the Dungeon)

   Int:       It affects your intelligence (+4).
 k - a +1 pair of boots (worn)
   (You found it on level 2 of the Dungeon)
 l - a +0 pair of gloves (worn)
   (You found it on level 5 of the Dungeon)
 r - the +5 cloak of the Harp (worn) {Int+4}
   (You found it on level 5 of the Dungeon)

   Int:       It affects your intelligence (+4).
 w - a +0 buckler
   (You took it off an orc on level 7 of the Dungeon)
Jewellery
 o - a ring of poison resistance (left hand)
   (You found it on level 5 of the Dungeon)
 p - an amulet of reflection (around neck)
   (You found it on level 4 of the Dungeon)
Scrolls
 b - 2 scrolls of immolation
 g - a scroll of vulnerability
 j - 2 scrolls of magic mapping
 m - 4 scrolls of butterflies
 n - a scroll of fear
Potions
 c - a potion of flight
 q - 3 potions of curing


   Skills:
 + Level 8.0 Fighting
 - Level 4.0 Ranged Weapons
 - Level 6.0 Dodging
 - Level 1.2 Stealth
 + Level 10.2 Unarmed Combat
 + Level 4.0 Spellcasting
 * Level 0.0 Transmutations
 + Level 0.2 Invocations


You had 10 spell levels left.
You knew the following spells:

 Your Spells              Type           Power      Damage    Failure   Level
a - Dragon Form           Tmut           1%         N/A       100%        7

Your spell library contained the following spells:

 Spells                   Type           Power      Damage    Failure   Level
 Ensorcelled Hibernation  Hex/Ice        6%         N/A       32%         2
 Passwall                 Tmut/Erth      2%         N/A       32%         2
 Gell's Gravitas          Tloc           3%         N/A       54%         3
 Lesser Beckoning         Tloc           3%         N/A       54%         3
 Teleport Other           Tloc           3%         N/A       54%         3
 Cause Fear               Hex            1%         N/A       91%         4
 Dragon's Call            Summ           1%         N/A       100%        9
 Swiftness                Air            Unusable   N/A       N/A         3

Dungeon Overview and Level Annotations

Branches:
Dungeon (8/15) Zot: 26868  Temple (1/1) D:4 Zot: 5819
   Lair: D:8-11

Altars:
Ashenzari
Cheibriados
Dithmenos
Elyvilon
Fedhas
Gozag
Hepliaklqana
Kikubaaqudgha
Makhleb
Nemelex Xobeh
Okawaru
Qazlal
Ru
Sif Muna
Trog
Uskayaw
Vehumet
Wu Jian
Xom
Yredelemnul
Zin
The Shining One

Annotations:
D:8 Maurice


Innate Abilities, Weirdness & Mutations

You cannot be hasted, slowed, berserked, paralysed or teleported.
You can dig through walls and to a lower floor.
You have a pair of large antennae on your head. (SInv)
Your four strong arms can wield two-handed weapons with a shield.


Message History

The death yak closely misses you.
You barely miss the death yak.
The death yak is lightly wounded.
The death yak gores you.
You hit the death yak but do no damage.
The death yak is lightly wounded.
The death yak closely misses you. Maurice is attracted toward you.
You hit the death yak. You punch the death yak!
The death yak is lightly wounded.
The death yak gores you!!
You punch the death yak!
The death yak is moderately wounded.
The death yak gores you!!
You can now pass through a line of other dancers.
You are too injured to fight recklessly!
You are too injured to fight recklessly!
You hit the death yak but do no damage.
The death yak is moderately wounded.
You barely miss the death yak.
The death yak is moderately wounded.
Maurice zaps a wand.
The roots erupt in riotous growth!
The death yak is unaffected.
Maurice is unaffected.
The grasping roots grab you! The grasping roots constrict you.
The death yak barely misses you.
You hear a bellow! x3; You hear a loud, deep croak!
You hear a bellow!
You hear a shout!
You hit the death yak but do no damage.
The death yak is moderately wounded.
The grasping roots constrict you. The death yak misses you.
You feel better. The grasping roots constrict you!
The death yak completely misses you.
You can no longer pass through a line of other dancers.
You aren't carrying any items that you can evoke.
Unknown command.
Okay, then.
As you read the scroll of summoning, it crumbles to dust.
Wisps of shadow whirl around you...
Maurice mumbles some strange words.
Maurice flickers and vanishes for a moment.
The grasping roots constrict you! The death yak barely misses you.
The grasping roots release their grip on you.
You swap places.
The death yak gores your howler monkey!!
Your howler monkey dies!
Your howler monkey's corpse dissolves into shadows!
The death yak is attracted toward you. Maurice is attracted toward you.
You swap places.
Found a stone staircase leading down.
Your centaur hits the death yak.
Your centaur barely misses the death yak.
The death yak gores your centaur but does no damage.
Your centaur hits the death yak but does no damage.
Your centaur kicks the death yak but does no damage.
Your centaur hits the death yak.
Your centaur kicks the death yak but does no damage.
Maurice mumbles some strange words.
Maurice puts on a burst of speed!
The death yak gores your centaur!
Your centaur hits the death yak but does no damage.
Your centaur kicks the death yak but does no damage.
The death yak gores your centaur but does no damage.
Your centaur hits the death yak.
Your centaur kicks the death yak but does no damage.
Your centaur hits the death yak but does no damage.
Your centaur kicks the death yak.
Maurice zaps a wand.
The roots erupt in riotous growth!
The death yak is unaffected.
Maurice is unaffected.
Roots grab your centaur.
The grasping roots constrict your centaur!
The death yak gores your centaur.
Your centaur dies!
Your centaur's corpse dissolves into shadows!
You hear a bellow! x3; You hear a shout!
The death yak is attracted toward you. Maurice is attracted toward you.
Maurice is attracted toward you.
You hit the death yak but do no damage.
The death yak is moderately wounded.
You block the death yak's attack.
You hit the death yak but do no damage.
The death yak is moderately wounded.
Maurice gestures wildly while chanting.
Maurice blinks!
The death yak gores you.
You hit the death yak.
The death yak is moderately wounded.
You punch the death yak!
The death yak is heavily wounded.
The death yak gores you!
* * * LOW HITPOINT WARNING * * *
You hit the death yak but do no damage.
The death yak is heavily wounded.
The death yak gores you!
* * * LOW HITPOINT WARNING * * *
You feel better. The death yak gores you!
* * * LOW HITPOINT WARNING * * *
Maurice is attracted toward you.
You feel better.
Maurice zaps a wand.
The roots erupt in riotous growth!
The death yak is unaffected.
Maurice is unaffected.
The grasping roots grab you! The grasping roots constrict you.
* * * LOW HITPOINT WARNING * * *
The death yak gores you!!
You die...

......{...........#
#.
#..##.#{..#......##
# ###.##...#.#
#§###.##.# #§# #.#
.# #§# #.# #§###.#
.......#@##.#
.......##Y@.#
.......#.####
.>....... .....##.#
....# #. .### #. #


You could see a death yak and Maurice (swift, invisible).

Vanquished Creatures
  Maggie (D:6)
  Sigmund (D:6)
  A yak (D:5)
  3 steam dragons
  A water moccasin (D:6)
  Duvessa (D:6)
  Pargi (D:3)
  2 black bears
  An ice beast (D:6)
  3 orc warriors
  2 ogres
  4 centaurs
  A phantom (D:4)
  Blork the orc (D:6)
  A bullfrog (D:8)
  3 scorpions
  Dowan (D:6)
  10 wights
  6 killer bees (D:7)
  3 hounds
  An orc priest (D:5)
  2 jellies
  An iguana (D:5)
  4 orc wizards
  3 gnolls (D:5)
  6 adders
  A shadow imp (D:6)
  3 white imps (D:7)
  An ufetubus (D:5)
  4 dart slugs
  23 orcs
  9 bats
  4 endoplasms
  4 giant cockroaches
  5 hobgoblins
  3 jackals (D:4)
  3 quokkas
  7 ball pythons
  3 frilled lizards
  10 goblins
  7 kobolds
  2 rats
153 creatures vanquished.

Vanquished Creatures (others)
  2 orcs
2 creatures vanquished.

Grand Total: 155 creatures vanquished

Notes
Turn   | Place    | Note
-------+----------+-------------------------------------------
     0 | D:1      | Flugkiller the Formicid Hunter began the quest for the Orb.
     0 | D:1      | Reached XP level 1. HP: 16/16 MP: 1/1
   126 | D:1      | Reached XP level 2. HP: 23/23 MP: 2/2
   678 | D:1      | Found a faded altar of an unknown god.
   709 | D:1      | Reached XP level 3. HP: 28/29 MP: 3/3
   854 | D:2      | Noticed a scorpion
   864 | D:2      | Killed a scorpion
   865 | D:2      | Reached skill level 5 in Fighting
   865 | D:2      | Reached XP level 4. HP: 22/39 MP: 4/4
  1416 | D:3      | Reached XP level 5. HP: 44/44 MP: 5/5
  1426 | D:3      | Noticed Pargi
  1793 | D:3      | Killed Pargi
  1794 | D:3      | Reached XP level 6. HP: 46/53 MP: 6/6
  1977 | D:3      | Identified the +2 robe of the Butterfly {Int+4}
  1986 | D:3      | Found a snail-covered altar of Cheibriados.
  1993 | D:3      | Found a blossoming altar of Fedhas.
  2203 | D:3      | Reached skill level 1 in Unarmed Combat
  2304 | D:4      | Reached skill level 2 in Unarmed Combat
  2325 | D:4      | Reached XP level 7. HP: 56/59 MP: 7/7
  2387 | D:4      | Found a glowing golden altar of the Shining One.
  2406 | D:4      | Found a staircase to the Ecumenical Temple.
  2421 | Temple   | Entered the Ecumenical Temple
  2650 | D:4      | Reached skill level 3 in Unarmed Combat
  2833 | D:4      | Found a hide-covered altar of Uskayaw.
  2902 | D:4      | Became a worshipper of Uskayaw the Reveller
  2928 | D:5      | Entered Level 5 of the Dungeon
  2949 | D:5      | Reached * piety under Uskayaw
  3290 | D:5      | Noticed a yak
  3303 | D:5      | Reached ** piety under Uskayaw
  3305 | D:5      | Reached *** piety under Uskayaw
  3306 | D:5      | Killed a yak
  3307 | D:5      | Reached skill level 4 in Unarmed Combat
  3307 | D:5      | Reached XP level 8. HP: 65/65 MP: 8/8
  3308 | D:5      | Reached **** piety under Uskayaw
  3312 | D:5      | Reached ***** piety under Uskayaw
  3362 | D:5      | Reached skill level 5 in Unarmed Combat
  3973 | D:5      | Identified the +5 cloak of the Harp {Int+4}
  4186 | D:6      | Noticed Maggie
  4215 | D:6      | Noticed Duvessa
  4215 | D:6      | Noticed Dowan
  4277 | D:6      | Killed Maggie
  4278 | D:6      | Reached skill level 6 in Unarmed Combat
  4283 | D:6      | Reached XP level 9. HP: 15/71 MP: 9/9
  4401 | D:6      | Noticed Blork the orc
  4413 | D:6      | Killed Blork the orc
  4414 | D:6      | Reached skill level 7 in Unarmed Combat
  4521 | D:6      | Found an ornate altar of the Wu Jian Council.
  4705 | D:6      | Reached skill level 5 in Dodging
  4757 | D:6      | Reached skill level 8 in Unarmed Combat
  4897 | D:6      | Found a hazy altar of Hepliaklqana.
  5053 | D:6      | Killed Duvessa
  5054 | D:6      | Killed Dowan
  5297 | D:6      | Noticed Sigmund
  5311 | D:6      | Killed Sigmund
  5312 | D:6      | Reached skill level 9 in Unarmed Combat
  5485 | D:7      | Reached XP level 10. HP: 76/77 MP: 10/10
  5539 | D:7      | Reached skill level 10 in Unarmed Combat
  5666 | D:7      | Reached skill level 1 in Spellcasting
  6192 | D:8      | Learned a level 7 spell: Dragon Form
  6204 | D:8      | Noticed a death yak
  6204 | D:8      | Noticed Maurice
  6235 | D:8      | Mangled by a death yak

Illustrated notes

Levels and vault maps discovered:
D:1:      heliophobic_arrival_henge, layout_loops_ring,
          hellmonk_ecumenical_altar_zigzags, serial_rivers,
          chequers_serial_rivers_marsh, chequers_serial_rivers_small_b,
          chequers_serial_rivers_micro_e, chequers_serial_rivers_small_3,
          chequers_serial_rivers_micro_a, minmay_hexomino_c4
D:2:      layout_rooms
D:3:      layout_rooms, chequers_temple_overflow_statue_of_worship,
          minmay_splitting_lines, grunt_ministairs_15, uniq_pargi
D:4:      layout_rooms, kennysheep_mini, lemuel_tele_altar,
          minmay_temple_entry_glassed_door
D:5:      layout_loops_corners, minmay_manual_mail
D:6:      layout_loops_corners, mainiacjoe_overflow_alcove_1,
          lemuel_crystal_altar, minmay_misc_feat_diagonals, uniq_blork_the_orc,
          uniq_duvessa, uniq_sigmund, uniq_maggie
D:7:      layout_rooms
D:8:      layout_loops_ring, dpeg_lair_monsters, chequers_serial_rivers_room_a,
          uniq_maurice
Temple:   nicolae_temple_elliptical

Skill      XL: |  1  2  3  4  5  6  7  8  9 10 |
---------------+-------------------------------+-----
Fighting       | 3 5 6 8 |  8.0
Unarmed Combat | 2 4 6 9 10 | 10.2
Dodging        | 2 3 4 6 |  6.0
Spellcasting   | 4 |  4.0
Ranged Weapons | |  4.0
Stealth        | |  1.2
Invocations    | |  0.2

Action                   |  1- 3 |  4- 6 |  7- 9 | 10-12 || total
-------------------------+-------+-------+-------+-------++-------
Melee: Unarmed           |       |       |    69 |   129 ||   198
       Punch             |       |       |     8 |    17 ||    25
 Fire: Shortbow          |    78 |   155 |   304 |    31 ||   568
 Abil: Dig               |       |     2 |       |       ||     2
  Use: Potion            |       |     7 |     3 |     4 ||    14
       Scroll            |       |     6 |     5 |     2 ||    13
 Stab: Paralysed         |       |       |     5 |     4 ||     9
Armor: Leather armour    |    10 |    52 |       |       ||    62
       Troll leather arm |       |     9 |   102 |    42 ||   153
       Skin              |       |       |    30 |       ||    30
Dodge: Dodged            |    26 |   104 |   173 |    74 ||   377
Block: Other             |       |       |    80 |    29 ||   109
       Reflection        |       |       |       |     1 ||     1

Table legend: (Time is in decaauts)
 A = Elapsed time spent in this place.
 B = Non-inter-level travel time spent in this place.
 C = Inter-level travel time spent in this place.
 D = Time resting spent in this place.
 E = Time spent auto-exploring this place.
 F = Levels seen in this place.
 G = Mean time per level.
                   A        B        C        D        E       F      G
               +--------+--------+--------+--------+--------+-----+--------+
         Total |   6393 |   6053 |    340 |    733 |   3632 |   9 |  710.3 |
       Dungeon |   6212 |   5895 |    317 |    733 |   3490 |   8 |  776.5 |
        Temple |    180 |    157 |     23 |      0 |    142 |   1 |  180.0 |
               +--------+--------+--------+--------+--------+-----+--------+

Top non-repeatable levels by time:
     D:5: 1284 daAuts
     D:6: 1226 daAuts
     D:1: 990 daAuts
     D:3: 746 daAuts
     D:7: 646 daAuts
     D:2: 609 daAuts
     D:4: 579 daAuts
  Temple: 180 daAuts
     D:8: 130 daAuts
